 Dungeon Crawl Stone Soup version 0.14-a0-2592-g262d02f (webtiles) character file.

207 4tharraofdagon the Ducker (level 5, 0/41 HPs)
             Began as a Merfolk Air Elementalist on Feb 12, 2014.
             Was a Follower of Dithmenos.
             Succumbed to poison (a potion of poison)
             ... on Level 5 of the Dungeon.
             The game lasted 00:09:53 (1382 turns).

4tharraofdagon the Ducker (MfAE)                    Turns: 1382, Time: 00:09:53

HP   0/41        AC  6     Str  9      XL: 5   Next: 18%
MP  18/18        EV 12     Int 15      God: Dithmenos [*.....]
Gold 72          SH  0     Dex 16      Spells:  1 memorised,  7 levels left

rFire  . . .     SeeInvis .     l - +0 blowgun
rCold  . . .     Clarity  .     u - +3 leather armour "Vetut" {Dex+2}
rNeg   . . .     Conserve .     (no shield)
rPois  .         rCorr    .     g - +0 hat
rElec  .         rRot     .     (no cloak)
SustAb . .       Spirit   .     (no gloves)
rMut   .         Warding  .     (no boots)
Saprov . . .     Stasis   .     (no amulet)
MR     .....                    (no ring)
                                w - ring of magical power

@: mildly poisoned, wreathed by umbra, not resistant to hostile enchantments,
fairly stealthy
A: change form in water, swift swim
a: Renounce Religion


You were on level 5 of the Dungeon.
You worshipped Dithmenos.
Dithmenos was aware of your devotion.
You were hungry.

You visited 1 branch of the dungeon, and saw 6 of its levels.

You collected 72 gold pieces.

Inventory:

Hand weapons
 l - a +0 blowgun (weapon)
 m - a +2,+1 dwarven short sword of speed
 t - a -1,+0 orcish hand axe
Missiles
 f - 6 needles of sleeping
 k - 3 curare-tipped needles (quivered)
 p - 6 poisoned needles
Armour
 a - a +0 robe
 g - a +0 hat (worn)
 h - a +0 orcish ring mail
 u - the +3 leather armour "Vetut" (worn) {Dex+2}
   (You found it on level 5 of the Dungeon)

   It affects your dexterity (+2).
Comestibles
 c - 5 bread rations
 d - a sausage
 j - a meat ration
 r - a chunk of orc flesh
Scrolls
 e - a scroll of enchant weapon II {unknown}
 i - 2 scrolls of amnesia {unknown}
 n - 2 scrolls of remove curse
 q - a scroll of random uselessness {unknown}
 v - a scroll of curse weapon {unknown}
 z - a scroll of blinking {unknown}
Jewellery
 w - a ring of magical power (left hand)
 x - an uncursed ring of fire
 y - an uncursed amulet of stasis
Potions
 o - a potion of poison
 s - a potion of magic
Books
 b - a book of Air

   Spells                             Type                      Level
   *Shock                             Conjuration/Air              1
   Swiftness                          Charms/Air                   2
   Repel Missiles                     Charms/Air                   2
   Flight                             Charms/Air                   3
   Static Discharge                   Conjuration/Air              3
   Lightning Bolt                     Conjuration/Air              5


   Skills:
 + Level 3.1 Fighting
 * Level 1.3 Axes
 + Level 1.2 Armour
 + Level 4.0 Dodging
 - Level 2.1 Stealth
 - Level 2.0 Spellcasting
 - Level 0.7 Conjurations
 - Level 2.4 Air Magic


You had 7 spell levels left.
You knew the following spells:

 Your Spells              Type           Power        Failure   Level  Hunger
a - Shock                 Conj/Air       #...         12%         1    #......


Dungeon Overview and Level Annotations

Branches:
Dungeon (6/16)
 Temple: D:4-7

Altars:
Dithmenos

Shops:
D:5 /


Message History

The curare-tipped needle misses the worker ant.
* * * LOW HITPOINT WARNING * * *
You feel sick.
You feel a little better.
Firing (i - inventory. (,) - cycle):
k - 5 curare-tipped needles (quivered)
Press: ? - help, Shift-Dir - straight line, f/p - worker ant
Aim: a worker ant (resting)
You shoot a curare-tipped needle.
The curare-tipped needle hits the worker ant.
The worker ant twitches its antennae in your direction.
The worker ant is poisoned.
The worker ant convulses.
The worker ant seems to slow down.
Firing (i - inventory. (,) - cycle):
k - 4 curare-tipped needles (quivered)
Press: ? - help, Shift-Dir - straight line, f/p - worker ant
Aim: a worker ant (severely wounded, poisoned, moving slowly, catching its breath)
You shoot a curare-tipped needle.
The curare-tipped needle hits the worker ant.
The worker ant is severely wounded.
The worker ant looks even sicker.
The worker ant convulses.
You die...

##...........#
#.........(.#
#.........a.##
#..##........#
######..##.... ...#######
.....)..................#
######..###### #..# #.#
#..# #..# #.#
######..########@.# #.#
..................#####.#
######.[#########.##....#
....)...# #.##....#
........# #>##....#
.......## #.##%..<#
.......# #.##....#
######## #.......#
####....#


You could see a worker ant.

Vanquished Creatures
  An orc priest (D:5)
  An orc wizard (D:5)
  Ijyb (D:4)
  A gnoll (D:4)
  An adder (D:5)
  A worm (D:3)
  4 orcs
  2 bats
  A giant cockroach (D:3)
  3 hobgoblins
  2 jackals (D:4)
  3 quokkas
  3 giant newts
  5 goblins
  5 kobolds
  5 rats
39 creatures vanquished.

Notes
Turn   | Place    | Note
--------------------------------------------------------------
     0 | D:1      | 4tharraofdagon, the Merfolk Air Elementalist, began the quest for the Orb.
     0 | D:1      | Reached XP level 1. HP: 13/13 MP: 3/3
   141 | D:2      | Reached skill level 3 in Dodging
   226 | D:3      | Found a shadowy altar of Dithmenos.
   230 | D:3      | Reached skill level 1 in Fighting
   230 | D:3      | Reached XP level 2. HP: 9/21 MP: 2/4
   238 | D:3      | Became a worshipper of Dithmenos
   447 | D:3      | Reached XP level 3. HP: 9/27 MP: 0/6
   608 | D:4      | Noticed a phantom
   615 | D:4      | Noticed Ijyb
   624 | D:4      | Killed Ijyb
   658 | D:4      | Reached skill level 1 in Armour
   714 | D:4      | Reached XP level 4. HP: 4/34 MP: 0/7
   810 | D:5      | Entered Level 5 of the Dungeon
   877 | D:5      | Found Ale Teusm's Magical Wand Shop.
  1093 | D:5      | Got an encrusted leather armour
  1103 | D:5      | Identified the +3 leather armour "Vetut" {Dex+2} (You found it on level 5 of the Dungeon)
  1222 | D:5      | Reached skill level 1 in Axes
  1222 | D:5      | Reached skill level 4 in Dodging
  1222 | D:5      | Reached XP level 5. HP: 22/41 MP: 9/9
  1377 | D:5      | HP: 2/41 [poison (a potion of poison)]
  1382 | D:5      | Succumbed to poison (a potion of poison)

Action                   |  1- 3 |  4- 6 || total
-------------------------+-------+-------++-------
Melee: Unarmed           |    53 |    16 ||    69
       Hand axe          |       |    41 ||    41
 Fire: Blowgun           |     4 |    10 ||    14
Throw: Dart              |     4 |       ||     4
 Cast: Shock             |    48 |    22 ||    70
  Use: Potion            |     1 |     2 ||     3
       Scroll            |       |     4 ||     4
 Stab: Sleeping          |       |     1 ||     1
